 Dungeon Crawl Stone Soup version 0.30-a0-377-g5cb311bc9f (webtiles) character file.

Game seed: 3808418033166983837

49 arthad the Shield-Bearer (level 3, 0/16 (20) HPs)
             Began as a Vine Stalker Fighter on Nov 27, 2022.
             Slain by a kobold
             ... wielding a +1 dagger of draining
              (2 damage)
             ... on level 2 of the Dungeon.
             The game lasted 00:03:03 (1305 turns).

arthad the Shield-Bearer (Vine Stalker Fighter)     Turns: 1305, Time: 00:03:04

HP:   0/16 (20)     AC:  6    Str: 18 (20) XL:     3   Next: 75%
MP:   0/4           EV:  9    Int:  5 (8)  God:
Gold: 78            SH:  4    Dex: 11 (13) Spells: 2/2 levels left

rFire   . . .      SeeInvis .    a - +0 war axe
rCold   . . .      Faith    .    c - +0 buckler
rNeg    + . .      Spirit   +    b - +0 scale mail
rPois   .          Reflect  .    (no helmet)
rElec   .          Harm     .    (no cloak)
rCorr   .          Rampage  .    (no gloves)
Will    .....                    (no boots)
Stlth   ..........               (no amulet)
HPRegen 0.22/turn                e - ring of positive energy
MPRegen 0.09/turn                (no ring)

@: heavily drained
A: fangs 2, magic shield, antimagic bite, no potion heal 2
a: no special abilities


You were on level 2 of the Dungeon.
You visited 1 branch of the dungeon, and saw 2 of its levels.

You collected 98 gold pieces.
You spent 20 gold pieces at shops.

Inventory:

Hand Weapons
 a - a +0 war axe (weapon)
Armour
 b - a +0 scale mail (worn)
 c - a +0 buckler (worn)
Jewellery
 e - a ring of positive energy (left hand)
Scrolls
 f - a scroll of amnesia {unknown}
 g - a scroll of identify {unknown}
 j - a scroll of noise {unknown}
 k - 2 scrolls of teleportation {unknown}
Potions
 d - a potion of might
 i - a potion of lignification {unknown}
 l - a potion of magic {unknown}


   Skills:
 + Level 3.1 Fighting
 + Level 2.3 Axes
 + Level 2.8 Armour
 + Level 3.1 Shields


You had 2 spell levels left.
You didn't know any spells.
Your spell library was empty.

Dungeon Overview and Level Annotations

Branches:
Dungeon (2/15)

Altars:

Shops:
D:1 [=*:*

Annotations:
D:2 Sigmund


Innate Abilities, Weirdness & Mutations

You have extremely sharp teeth.
When hurt, damage is shared between your health and your magic reserves.
Your bite disrupts and absorbs the magic of your enemies.
Potions cannot restore your health.


Message History

You barely miss the kobold. You closely miss the kobold.
The kobold barely misses you. The kobold hits you but does no damage.
The ball python bites you but does no damage.
The ball python constricts you.
Unknown command.
Unknown command.
You completely miss the ball python. You bite the ball python.
You kill the ball python!
You slash the kobold!
You kill the kobold!
You closely miss the kobold. Something hits you. Something burns you.
The kobold hits you with a +1 dagger of draining.
You partially resist.
You feel drained.
The kobold hits you with a +1 dagger of draining.
You partially resist.
You feel drained.
You hit the kobold but do no damage. Something hits you but does no damage.
The kobold hits you but does no damage. You partially resist.
You barely miss the kobold. Something hits you but does no damage.
The kobold hits you but does no damage. You partially resist.
Unknown command.
You closely miss the kobold. You block the kobold's attack. Something hits you.
Something burns you. The kobold completely misses you.
Unknown command.
Unknown command.
You closely miss the kobold. Something completely misses you.
The kobold hits you but does no damage. You partially resist.
Unknown command.
You closely miss the kobold.
The kobold hits you with a +1 dagger of draining.
You partially resist.
You feel drained. Something hits you.
* * * LOW HITPOINT WARNING * * *
Something burns you.
* * * LOW HITPOINT WARNING * * *
The kobold hits you but does no damage. You partially resist.
The kobold attacks as you move away! The kobold closely misses you.
It was a potion of degeneration.
There was something very wrong with that liquid.
You feel weakened.
You feel dopey.
You feel clumsy.
The kobold hits you with a +1 dagger of draining.
You die...

#.. #.# #.# #.# #
#.############### .#
#.##............###..#
##.##.##.#....{†.)....##
#...#.# ... ##K.......
##.#.#.# #.# #@......##
...#...###.## #.#####.#
.#####......# #.#####.##.
...#...###..####.#........
.#.#.#.# #......#.........
.#...#.# ##.####.#...#....
.##.##.# #.# #.#.#......
.##.##..###.####.#...####.
.## ###..........†........


You could see a kobold.

Vanquished Creatures
  A worm (D:2)
  A dart slug (D:1)
  A bat (D:2)
  3 endoplasms
  A giant cockroach (D:1)
  7 goblins
  5 hobgoblins (D:1)
  4 jackals (D:1)
  2 kobolds (D:2)
  3 quokkas
  4 ball pythons
  2 frilled lizards (D:1)
  2 rats (D:1)
36 creatures vanquished.

Notes
Turn   | Place    | Note
-------+----------+-------------------------------------------
     0 | D:1      | arthad the Vine Stalker Fighter began the quest for the
                  | Orb.
     0 | D:1      | Reached XP level 1. HP: 11/11 MP: 2/2
    86 | D:1      | Found Exyf Oma's Book Shoppe.
   157 | D:1      | Found Seri's Assorted Antiques.
   160 | D:1      | Bought a scroll labelled ARHIMO JETAJI for 20 gold pieces
   192 | D:1      | Reached XP level 2. HP: 16/16 MP: 1/3
   508 | D:1      | Found Goirch's Jewellery Shoppe.
   534 | D:1      | Found Iwazoll's Assorted Antiques.
   539 | D:1      | Reached XP level 3. HP: 14/19 MP: 1/4
   786 | D:1      | Found Qothrant's Antique Armour Emporium.
  1293 | D:2      | Noticed Sigmund
  1305 | D:2      | Slain by a kobold

Illustrated notes

Levels and vault maps discovered:
D:1:      nagdon_arrival_double_spiral, layout_basic, serial_shops, shop, shop,
          nicolae_shop_stone, shop_statue, shop_statue, roderic_lattice_a
D:2:      layout_loops_ring, minmay_quantized, uniq_sigmund

Skill      XL: |  1  2  3 |
---------------+----------+-----
Axes           | 2 |  2.3
Shields        | 3 |  3.1
Fighting       | 3 |  3.1
Armour         | |  2.8

Action                   || total
-------------------------++-------
Melee: War axe           ||    88
       Bite              ||    19
  Use: Scroll            ||     1
       Potion            ||     1
Armor: Scale mail        ||    48
Dodge: Dodged            ||    63
Block: Buckler           ||    21

Table legend: (Time is in decaauts)
 A = Elapsed time spent in this place.
 B = Non-inter-level travel time spent in this place.
 C = Inter-level travel time spent in this place.
 D = Time resting spent in this place.
 E = Time spent auto-exploring this place.
 F = Levels seen in this place.
 G = Mean time per level.
                   A        B        C        D        E       F      G
               +--------+--------+--------+--------+--------+-----+--------+
         Total |   1342 |   1286 |     56 |      0 |   1031 |   2 |  671.0 |
       Dungeon |   1342 |   1286 |     56 |      0 |   1031 |   2 |  671.0 |
               +--------+--------+--------+--------+--------+-----+--------+

Top non-repeatable levels by time:
     D:1: 1085 daAuts
     D:2: 257 daAuts
